 Dungeon Crawl Stone Soup version 0.18.1-50-g88ac8fd (webtiles) character file.

116 Iflex the Poker (level 5, 0/40 HPs)
             Began as a Merfolk Gladiator on Oct 5, 2016.
             Killed from afar by baljet's ghost (11 damage)
             ... with a stone arrow
             ... on level 3 of the Dungeon.
             The game lasted 00:05:15 (2662 turns).

Iflex the Poker (Merfolk Gladiator)                 Turns: 2662, Time: 00:05:17

Health: 0/40       AC:  7    Str: 15    XL:     5   Next: 0%
Magic:  5/5        EV: 14    Int:  8    God:
Gold:   70         SH:  0    Dex: 15    Spells: 0 memorised, 4 levels left

rFire  . . .     SeeInvis .     a - +0 trident
rCold  . . .     Gourm    .     b - +0 leather armour
rNeg   . . .     Faith    .     (no shield)
rPois  .         Spirit   .     c - +0 helmet
rElec  .         Dismiss  .     (no cloak)
rCorr  .         Reflect  .     p - +2 pair of gloves
SustAt .         Harm     .     (no boots)
MR     .....                    (no amulet)
Stlth  ++........               (no ring)
                                i - ring of wizardry

@: not resistant to hostile enchantments, unstealthy
A: change form in water, swift swim
a: no special abilities


You were on level 3 of the Dungeon.
You were not hungry.

You visited 1 branch of the dungeon, and saw 3 of its levels.

You collected 70 gold pieces.

Inventory:

Hand Weapons
 a - a +0 trident (weapon)
Armour
 b - a +0 leather armour (worn)
 c - a +0 helmet (worn)
 p - a +2 pair of gloves (worn)
Jewellery
 i - a ring of wizardry (left hand)
Scrolls
 l - a scroll of identify {unknown}
 o - 3 scrolls of remove curse {unknown}
 r - a scroll of magic mapping {unknown}
 t - 2 scrolls of recharging {unknown}
 u - 2 scrolls of random uselessness {unknown}
 v - a scroll of enchant weapon {unknown}
 x - a scroll of amnesia {unknown}
Potions
 e - a potion of experience {unknown}
 h - 2 potions of curing {unknown}
 j - a potion of haste {unknown}
 k - a potion of brilliance {unknown}
 m - a potion of berserk rage {unknown}
 n - 2 potions of degeneration {unknown}
 q - a potion of cancellation {unknown}
 w - a potion of agility {unknown}
 z - a potion of beneficial mutation {unknown}
 A - a potion of mutation {unknown}
Comestibles
 f - a bread ration
 g - a slice of pizza
 s - 7 fruits
 B - a meat ration


   Skills:
 + Level 2.9 Fighting
 + Level 5.6 Polearms
 + Level 2.1 Throwing
 + Level 0.7 Armour
 + Level 5.4 Dodging
 + Level 1.0 Stealth


You had 4 spell levels left.
You didn't know any spells.

Dungeon Overview and Level Annotations

Branches:
Dungeon (3/15)

Altars:

Annotations:
D:3 baljet's ghost, amateur GrEE


Message History

You hit baljet's ghost.
Baljet's ghost is moderately damaged.
Baljet's ghost hits you but does no damage.
The goblin struggles against the net.
You hit baljet's ghost but do no damage.
Baljet's ghost is moderately damaged.
Baljet's ghost hits you.
The goblin struggles against the net.
You hit baljet's ghost.
Baljet's ghost is heavily damaged.
Baljet's ghost shrieks, "You must not fail where I succeeded!"
Baljet's ghost hits you.
The goblin struggles to escape the net.
The goblin breaks free.
You closely miss baljet's ghost.
Baljet's ghost is heavily damaged.
Baljet's ghost gestures at you while chanting.
The stone arrow hits you!
* * * LOW HITPOINT WARNING * * *
Baljet's ghost casts a spell at you. The stone arrow hits you!
You die...

...# #.. ..# ......# ..
#...... #.. #..##l# ... ..##g#
###.##(# #####.#.##W# ... ..
..........@# #..##.# # #
####.#.#......... ..##.#
#.#.####.#.#.######## #.##.#
#........#.#.# ##### #.##.#
.........#.#.# #...# #....#
...........#.# #...# #....#
.........###.######...###....#
................†.........##.#
..........##......##########.#


You could see baljet's ghost, a goblin and a giant newt.

Vanquished Creatures
  5 adders
  2 worms
  4 dart slugs
  A giant gecko (D:2)
  8 bats
  2 giant cockroaches
  4 hobgoblins
  7 jackals
  A quokka (D:3)
  A ball python (D:3)
  4 giant newts
  4 goblins
  8 kobolds
  8 rats
59 creatures vanquished.

Notes
Turn   | Place    | Note
--------------------------------------------------------------
     0 | D:1      | Iflex the Merfolk Gladiator began the quest for the Orb.
     0 | D:1      | Reached XP level 1. HP: 16/16 MP: 1/1
   278 | D:1      | Reached XP level 2. HP: 12/23 MP: 2/2
   417 | D:1      | Reached skill level 5 in Polearms
   417 | D:1      | Reached XP level 3. HP: 25/28 MP: 3/3
   878 | D:2      | Reached skill level 5 in Dodging
  1027 | D:2      | Reached XP level 4. HP: 30/34 MP: 4/4
  2343 | D:3      | Reached skill level 1 in Stealth
  2639 | D:3      | Reached XP level 5. HP: 38/40 MP: 5/5
  2648 | D:3      | Noticed baljet's ghost (amateur GrEE)
  2662 | D:3      | Killed from afar by baljet's ghost

Skill      XL: |  1  2  3  4 |
---------------+-------------+-----
Polearms       | 5 |  5.6
Dodging        | 5 |  5.4
Stealth        | 1 |  1.0
Fighting       | |  2.9
Throwing       | |  2.1
Armour         | |  0.7

Action                   |  1- 3 |  4- 6 || total
-------------------------+-------+-------++-------
Melee: Trident           |   122 |    84 ||   206
Throw: Throwing net      |     1 |     3 ||     4
 Stab: Sleeping          |     1 |     3 ||     4
  Eat: Bread ration      |     1 |     1 ||     2
Armor: Leather armour    |    24 |    21 ||    45
Dodge: Dodged            |    85 |    51 ||   136
